AoeStats
← alex

Arena

509650052Analyzed
1v1 RM · 5d ago on Sep 27, 2026· 21m 0s· 2 players
Game mode
Random Map
Map size
Tiny (2 player)
Population
200
Speed
Normal
Resources
Standard
Victory
Conquest
Starting age
Dark Age
Ending age
Imperial Age
RankedLock teamsTeams togetherTeam positionsShared explorationLock speedFull tech treeHidden civsTurbo modeCheats
Victory
Defeat
🇳🇴 Armenians · Norway
1380
+13
🇷🇺 Malay · Russia
1325
-13
alex
11:43 Feudal Age
15:22 Castle Age
13:17 Double-Bit Axe
Jorgen
9:15 Feudal Age
13:15 Castle Age
11:50 Double-Bit Axe
12:33 Horse Collar
18:41 Fervor
21:09 Scale Mail Armor
Connection lost

Rejoining the realm…

Still unreachable

The connection could not be restored.

Session expired

The server has moved on; the page needs a fresh start.